 Dungeon Crawl Stone Soup version 0.26-b1-32-g5d43845318 (webtiles) character file.

Game seed: 3347806835729812171

1566 pokeman the Thaumaturge (level 8, -6/44 HPs)
             Began as a Deep Elf Hedge Wizard on Jan 5, 2021.
             Killed by divine providence
             ... invoked by an orc priest
              (9 damage)
             ... on level 7 of the Dungeon.
             The game lasted 00:17:33 (7860 turns).

pokeman the Thaumaturge (Deep Elf Hedge Wizard)     Turns: 7860, Time: 00:17:34

Health: -6/44      AC:  5    Str: 13    XL:     8   Next: 59%
Magic:  25/33      EV: 13    Int: 22    God:
Gold:   643        SH:  0    Dex: 14    Spells: 15/27 levels left

rFire    + . .     SeeInvis .   a - +4 dagger (venom)
rCold    + + .     Faith    .   (no shield)
rNeg     + . .     Spirit   .   D - +0 leather armour of the Mind {+Inv rC+ Regen+} (curse)
rPois    +         Reflect  .   A - -2 hat of the Alchemist {rElec rPois rF+ rC+ rN+ Will+ rMut rCorr}
rElec    +         Harm     .   f - +2 cloak
rCorr    +         Rampage  .   (no gloves)
rMut     +                      l - +0 pair of boots
Will     +....                  (no amulet)
Stlth    ++........             o - +6 ring of strength
HPRegen  0.54/turn              B - ring of magical power
MPRegen  0.23/turn

@: no status effects
A: no striking features
a: Evoke Invisibility


You were on level 7 of the Dungeon.
You visited 2 branches of the dungeon, and saw 8 of its levels.
You also visited: Ossuary.

You collected 643 gold pieces.

Inventory:

Hand Weapons
 a - a +4 dagger of venom (weapon)
 m - a +2 dagger of electrocution
 C - a +0 shortbow
Missiles
 n - 113 arrows
 p - 27 bolts
Armour
 f - a +2 cloak (worn)
 l - a +0 pair of boots (worn)
 A - the -2 hat of the Alchemist (worn) {rElec rPois rF+ rC+ rN+ Will+ rMut rCorr}
   (You found it on level 5 of the Dungeon)

   It protects you from fire.
   It protects you from cold.
   It insulates you from electricity.
   It protects you from poison.
   It protects you from negative energy.
   It affects your willpower, your defense against some magical effects.
   It provides partial protection from all sources of acid and corrosion.
   It protects you from mutation.
 D - the cursed +0 leather armour of the Mind (worn) {+Inv rC+ Regen+}
   (You found it on level 6 of the Dungeon)

   It protects you from cold.
   It lets you turn invisible.
   It increases your rate of regeneration.
   It has a curse placed upon it.
 E - a +0 buckler
Jewellery
 o - a +6 ring of strength (left hand)
 q - an uncursed ring of poison resistance {unknown}
 z - an uncursed ring of positive energy
 B - a ring of magical power (right hand)
Wands
 c - a wand of polymorph (18)
 F - a wand of random effects (8)
 H - a wand of iceblast (6)
Scrolls
 d - 5 scrolls of remove curse {unknown}
 g - 6 scrolls of identify {unknown}
 h - 2 scrolls of magic mapping {unknown}
 i - 2 scrolls of blinking {unknown}
 k - 2 scrolls of enchant armour {unknown}
 s - 2 scrolls of enchant weapon {unknown}
 u - 3 scrolls of teleportation {unknown}
 w - a scroll of noise {unknown}
 y - 2 scrolls of random uselessness {unknown}
 I - 2 scrolls of amnesia {unknown}
Potions
 b - 5 potions of might {unknown}
 e - a potion of brilliance {unknown}
 j - 2 potions of curing {unknown}
 r - 3 potions of mutation {unknown}
 t - 2 potions of lignification {unknown}
 v - a potion of heal wounds {unknown}
 x - a potion of flight {unknown}
 G - a potion of degeneration {unknown}


   Skills:
 - Level 2.0 Fighting
 - Level 2.0 Armour
 - Level 3.0 Dodging
 - Level 3.0 Stealth
 + Level 1.5 Shields
 * Level 10.0 Spellcasting
 + Level 5.2 Conjurations
 - Level 1.1 Summonings
 - Level 1.1 Translocations
 + Level 4.0 Fire Magic
 - Level 1.0 Air Magic
 - Level 1.3 Poison Magic
 + Level 0.8 Evocations


You had 15 spell levels left.
You knew the following spells:

 Your Spells              Type           Power        Failure   Level
a - Magic Dart            Conj           100%         1%          1
b - Mephitic Cloud        Conj/Pois/Air  22%          9%          3
c - Call Imp              Summ           15%          8%          2
d - Blink                 Tloc           N/A          8%          2
e - Conjure Flame         Conj/Fire      31%          3%          3
f - Apportation           Tloc           30%          4%          1

Your spell library contained the following spells:

 Spells                   Type           Power        Failure   Level
 Summon Small Mammal      Summ           60%          4%          1
 Animate Skeleton         Necr           22%          8%          1
 Corona                   Hex            12%          8%          1
 Slow                     Hex            11%          12%         2


Dungeon Overview and Level Annotations

Branches:
Dungeon (7/15)             Temple (1/1) D:6         Ossuary (visited)

Altars:
Ashenzari
Cheibriados
Dithmenos
Elyvilon
Fedhas
Gozag
Hepliaklqana
Kikubaaqudgha
Makhleb
Nemelex Xobeh
Okawaru
Ru
Sif Muna
Trog
Uskayaw
Wu Jian
Xom
Yredelemnul
Zin
The Shining One

Shops:
D:4 =   D:5 (


Message History

The ball explodes into a vile cloud!
The stinking cloud engulfs the centaur but does no damage.
The centaur is severely wounded.
The stinking cloud engulfs the orc priest but does no damage.
The stinking cloud engulfs something but does no damage.
The centaur is engulfed in noxious fumes.
The centaur appears confused.
The orc warrior hits something with a +0 flail!
You feel a bit more experienced.
The centaur is engulfed in noxious fumes.
The centaur appears confused.
Unknown command.
The orc warrior hits the orc priest with a +0 flail!
The orc warrior hits itself with a +0 flail!!
The centaur is engulfed in noxious fumes.
The centaur appears confused.
The centaur unwields a +0 shortbow.
The centaur hits the orc priest but does no damage.
The orc priest calls down the wrath of Beogh upon you.
Beogh smites you!
You die...

#...## ###............#
#....##### #.....#.........
##....##.####....###.......
##.......##.....#.....##..
#.......###..............#
########....###.#...........(...
##..#.##......#...##.##..o..../..
#......#...........#..##.o.##[.(.
#..............)@..(..†○(..#..#o.
###...##......#.......#oc.#......
...##<#...............##.###.(.##
.(.#...............#......#.....#
......##...........#.......=.....
.......#...........#.............
......#.....................$$..#
......##.#...................>...
......#......................##..


You could see an orc priest.

Vanquished Creatures
  An orc warrior (D:7)
  2 ice beasts
  An ogre (D:4)
  A centaur (D:7)
  2 elf zombies (Ossuary)
  2 bullfrogs
  A jelly (D:5)
  A scorpion (D:6)
  2 howler monkeys (D:5)
  A quasit (D:5)
  A hound (D:6)
  2 human zombies (Ossuary)
  An orc priest (D:3)
  A bullfrog skeleton (D:4)
  5 orc wizards
  A centaur skeleton (D:4)
  Jessica (D:2)
  2 worker ants (D:4)
  A hound skeleton (D:5)
  2 mummies (Ossuary)
  Robin (D:2)
  A worker ant zombie (D:7)
  11 adders
  An ooze (D:5)
  3 worms (D:4)
  2 dart slugs
  6 leopard geckos
  17 orcs
  2 ball pythons
  4 giant cockroaches
  12 goblins
  6 hobgoblins
  3 jackals (D:2)
  6 kobolds
  A quokka (D:7)
  6 bats
  5 frilled lizards
  4 gnoll zombies (Ossuary)
  4 goblin zombies (Ossuary)
  A hobgoblin zombie (Ossuary)
  A leopard gecko skeleton (D:4)
  An orc zombie (Ossuary)
  5 rats
134 creatures vanquished.

Notes
Turn   | Place    | Note
-------+----------+-------------------------------------------
     0 | D:1      | pokeman the Deep Elf Hedge Wizard began the quest for the
                  | Orb.
     0 | D:1      | Reached XP level 1. HP: 10/10 MP: 7/7
   519 | D:1      | Reached XP level 2. HP: 16/16 MP: 7/9
  1225 | D:1      | Reached skill level 5 in Spellcasting
  1701 | D:2      | Reached XP level 3. HP: 17/20 MP: 3/11
  1705 | D:2      | Learned a level 3 spell: Mephitic Cloud
  1708 | D:2      | Learned a level 2 spell: Call Imp
  1711 | D:2      | Learned a level 2 spell: Blink
  1715 | D:2      | Learned a level 3 spell: Conjure Flame
  1894 | D:2      | Found a faded altar of an unknown god.
  1910 | D:2      | Reached skill level 1 in Armour
  1963 | D:2      | Reached skill level 1 in Fighting
  2265 | D:2      | Reached XP level 4. HP: 25/25 MP: 4/13
  2270 | D:2      | Noticed Robin
  2280 | D:2      | Killed Robin
  2600 | D:2      | Learned a level 1 spell: Apportation
  2629 | D:2      | Noticed Jessica
  2638 | D:2      | Killed Jessica
  2639 | D:2      | Reached skill level 1 in Fire Magic
  2921 | D:3      | Reached skill level 6 in Spellcasting
  2921 | D:3      | Reached XP level 5. HP: 21/29 MP: 10/15
  3349 | D:3      | Reached skill level 1 in Air Magic
  3863 | D:3      | Reached XP level 6. HP: 30/34 MP: 9/17
  3969 | D:4      | Reached skill level 7 in Spellcasting
  3969 | D:4      | Reached skill level 1 in Poison Magic
  4028 | D:4      | Found Yssin's Jewellery Shop.
  4802 | D:5      | Entered Level 5 of the Dungeon
  4802 | D:5      | Found an opulent altar of Gozag.
  4853 | D:5      | Found Cioses's Antique Weapon Shoppe.
  4893 | D:5      | Reached XP level 7. HP: 39/39 MP: 20/20
  5213 | D:5      | Reached skill level 8 in Spellcasting
  5666 | D:5      | Found the -2 hat of the Alchemist {rElec rPois rF+ rC+ rN+
                  | Will+ rMut rCorr}
  6043 | D:6      | Found a blossoming altar of Fedhas.
  6070 | D:6      | Got a masterwork leather armour
  6120 | D:6      | Found a sand-covered staircase.
  6128 | Ossuary  | Entered an ossuary
  6507 | Ossuary  | Reached XP level 8. HP: 44/44 MP: 16/22
  6557 | Ossuary  | Reached skill level 9 in Spellcasting
  6781 | D:6      | Found a staircase to the Ecumenical Temple.
  6790 | Temple   | Entered the Ecumenical Temple
  7363 | D:6      | Identified the cursed +0 leather armour of the Mind {+Inv
                  | rC+ Regen+} (You found it on level 6 of the Dungeon)
  7525 | D:7      | Found a shadowy altar of Dithmenos.
  7525 | D:7      | Noticed a blink frog
  7528 | D:7      | Found a hide-covered altar of Uskayaw.
  7571 | D:7      | Reached skill level 1 in Shields
  7652 | D:7      | Reached skill level 5 in Conjurations
  7856 | D:7      | HP: 1/44 [centaur/arrow (11)]
  7857 | D:7      | Reached skill level 10 in Spellcasting
  7860 | D:7      | Killed from afar by an orc priest

Illustrated notes

Levels and vault maps discovered:
D:1:      denvon_arrival_planthouse, layout_basic, kennysheep_pointless_box,
          roderic_st_hans_cross, minmay_unequal
D:2:      layout_rooms, chequers_ecumenical_altar_simple, uniq_robin,
          uniq_jessica
D:3:      layout_basic, kennysheep_generic_room_14
D:4:      layout_cave_pools, serial_shops, nicolae_shop_stone, serial_forest,
          infiniplex_forest_end_1, infiniplex_forest_end_2,
          infiniplex_forest_end_1, infiniplex_forest_zigzag_1,
          infiniplex_forest_clump_cross, infiniplex_forest_straight_3
D:5:      layout_loops_corners, nicolae_gozag_seed_capital, serial_shops,
          nicolae_shop_trees
D:6:      layout_loops_ring, fedhas_ov_isle_minmay,
          minmay_temple_entry_statues_fountains,
          lightli_ossuary_entry_decrepit_ruins
D:7:      layout_cave_pools, gammafunk_temple_overflow_arena
Temple:   eino_temple_scatter_basement

Skill      XL: |  1  2  3  4  5  6  7  8 |
---------------+-------------------------+-----
Spellcasting   | 5 6 7 8 10 | 10.0
Armour         | 1 2 |  2.0
Fighting       | 1 2 |  2.0
Conjurations   | 2 3 4 5 |  5.2
Dodging        | 3 |  3.0
Fire Magic     | 1 3 4 |  4.0
Air Magic      | 1 |  1.0
Stealth        | 3 |  3.0
Poison Magic   | 1 |  1.3
Shields        | 1 |  1.5
Summonings     | |  1.1
Translocations | |  1.1
Evocations     | |  0.8

Action                   |  1- 3 |  4- 6 |  7- 9 || total
-------------------------+-------+-------+-------++-------
Melee: Dagger            |    16 |    60 |    48 ||   124
 Cast: Magic Dart        |   102 |    78 |   101 ||   281
       Mephitic Cloud    |       |     8 |     7 ||    15
       Conjure Flame     |       |     3 |    10 ||    13
       Blink             |       |       |     2 ||     2
       Call Imp          |       |       |     1 ||     1
 Stab: Confused          |       |     5 |     3 ||     8
Armor: Robe              |    10 |     1 |       ||    11
       Leather armour    |       |     8 |    10 ||    18
Dodge: Dodged            |    19 |    31 |    49 ||    99
